 Dungeon Crawl Stone Soup version 0.28.0-45-g0d030f2227 (webtiles) character file.

Game seed: 7318739444927612011

72 prikolics the Bolt Thrower (level 4, -2/25 HPs)
             Began as a Kobold Arcane Marksman on Apr 17, 2022.
             Succumbed to Sigmund's poison
             ... on level 3 of the Dungeon.
             The game lasted 00:15:15 (2503 turns).

prikolics the Bolt Thrower (Kobold Arcane Marksman) Turns: 2503, Time: 00:15:16

Health: -2/25      AC:  4    Str: 13    XL:     4   Next: 48%
Magic:  5/5        EV: 15    Int: 16    God:
Gold:   48         SH:  0    Dex: 15    Spells: 4/5 levels left

rFire   . . .      SeeInvis .   e - +0 dagger
rCold   . . .      Faith    .   (no shield)
rNeg    . . .      Spirit   .   d - +0 robe
rPois   .          Reflect  .   (no helmet)
rElec   .          Harm     .   m - +0 cloak
rCorr   .          Rampage  .   (no gloves)
Will    .....                   g - +0 pair of boots
Stlth   +++.......              (no amulet)
HPRegen 0.08/turn               f - +6 ring of strength
MPRegen 0.09/turn               (no ring)

@: brilliant, lethally poisoned (-2 -> -15), about to teleport, attractive
A: small, no large weapons, nightstalker 3
a: no special abilities


You were on level 3 of the Dungeon.
You visited 1 branch of the dungeon, and saw 4 of its levels.

You collected 48 gold pieces.

Inventory:

Hand Weapons
 a - a +0 hand crossbow
 e - a +0 dagger (weapon)
 l - a +2 quarterstaff of chaos
Missiles
 c - 16 bolts
 n - 4 poisoned darts (quivered)
Armour
 d - a +0 robe (worn)
 g - a +0 pair of boots (worn)
 m - a +0 cloak (worn)
Magical Staves
 o - a staff of fire
Jewellery
 f - a +6 ring of strength (left hand)
 i - an amulet of regeneration
Scrolls
 h - a scroll of immolation {unknown}
 j - a scroll of teleportation


   Skills:
 * Level 1.5 Fighting
 + Level 1.0 Short Blades
 * Level 4.0 Crossbows
 + Level 3.2 Dodging
 + Level 0.4 Stealth
 - Level 1.1 Spellcasting
 - Level 3.3 Hexes


You had 4 spell levels left.
You knew the following spells:

 Your Spells              Type           Power      Damage    Failure   Level
a - Slow                  Hex            68%        N/A       6%          1

Your spell library contained the following spells:

 Spells                   Type           Power      Damage    Failure   Level
 Tukima's Dance           Hex            17%        N/A       17%         3
 Animate Skeleton         Necr           2%         N/A       22%         1
 Apportation              Tloc           2%         N/A       22%         1
 Summon Small Mammal      Summ           4%         N/A       22%         1
 Inner Flame              Hex/Fire       9%         N/A       34%         3
 Portal Projectile        Hex/Tloc       18%        N/A       34%         3
 Cause Fear               Hex            8%         N/A       50%         4
 Passage of Golubria      Tloc           1%         N/A       92%         4
 Yara's Violent Unravell  Hex/Tmut       4%         3d4       97%         5


Dungeon Overview and Level Annotations

Branches:
Dungeon (4/15)
 Temple: D:4-7

Altars:

Annotations:
D:3 Sigmund


Innate Abilities, Weirdness & Mutations

You are small and have problems with some larger weapons.
You are completely attuned to the shadows.


Message History

Done exploring.
(D) Dungeon
Where to? (? - help)
What level of the Dungeon? (default 1, ? - help)
There is a stone staircase leading down here.
You climb downwards.
There is a stone staircase leading up here.
A worm is nearby!
Sigmund the Dreaded comes into view.
He is wielding a +2 scythe of venom.
Sigmund shouts!
Sigmund hits you but does no damage.
Sigmund giggles. "Time to reap what you sow."
Sigmund gestures at you while chanting.
You are confused.
Sigmund casts a spell.
Sigmund flickers and vanishes!
Deactivating autopickup; reactivate with Ctrl-A.
A puff of flame appears from out of thin air!
The puff of flame hits you!
You're too confused to move!
A puff of flame appears from out of thin air!
The puff of flame hits you.
You are too confused!
It was a potion of attraction.
You feel attractive to monsters.
You feel less confused. Something is attracted toward you.
You closely miss something. Something hits you but does no damage.
You are poisoned.
As you read the scroll labelled NEFONU CAPISA, it crumbles to dust.
You feel strangely unstable.
It was a scroll of teleportation.
You feel sick. Something barely misses you.
You feel sick. Something is attracted toward you.
The worm is attracted toward you.
You see here 6 stones.
You feel sick. Something hits you!
* * * LOW HITPOINT WARNING * * *
You are more poisoned.
It was a potion of brilliance.
You feel clever all of a sudden.
You die...

####.#####
#.........#
#.........#
#.........#
..........#
....<..ยง..#
..........#
#.....w(..#
#.....@...#
#.........#
........#
#########


You could see a worm.

Vanquished Creatures
  Crazy Yiuf (D:2)
  A dart slug (D:1)
  5 bats
  4 endoplasms
  A giant cockroach (D:1)
  4 goblins
  6 hobgoblins (D:1)
  2 jackals (D:2)
  A quokka (D:1)
  3 ball pythons
  3 kobolds (D:1)
  5 rats (D:1)
36 creatures vanquished.

Notes
Turn   | Place    | Note
-------+----------+-------------------------------------------
     0 | D:1      | prikolics the Kobold Arcane Marksman began the quest for
                  | the Orb.
     0 | D:1      | Reached XP level 1. HP: 12/12 MP: 2/2
   252 | D:1      | Reached XP level 2. HP: 16/16 MP: 3/3
   255 | D:1      | Found a faded altar of an unknown god.
   432 | D:1      | Reached XP level 3. HP: 15/20 MP: 4/4
   447 | D:1      | Reached skill level 3 in Crossbows
  1702 | D:2      | Found a runed translucent door.
  1705 | D:2      | Noticed Crazy Yiuf
  1731 | D:2      | Killed Crazy Yiuf
  1732 | D:2      | Reached skill level 1 in Short Blades
  1732 | D:2      | Reached XP level 4. HP: 15/25 MP: 5/5
  1988 | D:2      | Reached skill level 4 in Crossbows
  2485 | D:3      | Noticed Sigmund
  2502 | D:3      | HP: 1/25 [something (8)]
  2503 | D:3      | Succumbed to Sigmund's poison

Illustrated notes

Levels and vault maps discovered:
D:1:      dpeg_arrival_snail, layout_rooms, shapermc_ecumenical_altar_ellora
D:2:      layout_basic, uniq_crazy_yiuf_cottage
D:3:      layout_rooms, kennysheep_nondescript, uniq_sigmund
D:4:      layout_gridville, marbit_many_paths,
          nicolae_overflow_hallway_of_the_gods, ebering_ghost_sewer_d,
          amcnicky_mini_corridor_feature, uniq_ijyb

Skill      XL: |  1  2  3  4 |
---------------+-------------+-----
Dodging        | 3 |  3.2
Crossbows      | 3 4 |  4.0
Short Blades   | 1 |  1.0
Fighting       | |  1.5
Stealth        | |  0.4
Spellcasting   | |  1.1
Hexes          | |  3.3

Action                   |  1- 3 |  4- 6 || total
-------------------------+-------+-------++-------
Melee: Dagger            |   118 |    14 ||   132
       Punch             |     1 |       ||     1
 Fire: Hand crossbow     |    33 |     1 ||    34
  Use: Potion            |       |     2 ||     2
       Scroll            |       |     1 ||     1
 Stab: Sleeping          |     3 |       ||     3
Armor: Robe              |    27 |     7 ||    34
Dodge: Dodged            |   110 |     8 ||   118
